 Dungeon Crawl Stone Soup version 0.32-a0-825-g0e82a1035d (webtiles) character file.

Game seed: 7588184689877801585

651 Ijustatesigmund the Magician (level 7, -4/48 HPs)
             Began as an Octopode Conjurer on Mar 25, 2024.
             Slain by an orc
             ... wielding a +0 flail
              (6 damage)
             ... on level 4 of the Dungeon.
             The game lasted 00:08:52 (5248 turns).

Ijustatesigmund the Magician (Octopode Conjurer)    Turns: 5248, Time: 00:08:53

Health: -4/48      AC:  1    Str: 10    XL:     7   Next: 53%
Magic:  3/13       EV: 12    Int: 22    God:
Gold:   178        SH:  0    Dex: 11    Spells: 8/15 levels left

rFire   . . .        b - +7 trident of the Singing Jester {freeze, rPois Str+4}
rCold   . . .        (no shield)
rNeg    . . .        (helmet restricted)
rPois   +            (no amulet)
rElec   .            (no ring)
rCorr   .            (no ring)
SInv    .            (no ring)
Will    .....        (no ring)
Stlth   +++          (no ring)
HPRegen 0.28/turn    (no ring)
MPRegen 0.13/turn    (no ring)
                     (no ring)

%: no passive effects
@: very slightly contaminated
A: almost no armour, amphibious, 8 rings, camouflage 1, gelatinous body 1,
(nimble swimmer 1), tentacles
a: no special abilities


You were on level 4 of the Dungeon.
You visited 1 branch of the dungeon, and saw 5 of its levels.

You collected 178 gold pieces.

Inventory:

Hand Weapons
 b - the +7 trident of the Singing Jester (weapon) {freeze, rPois Str+4}
   (You found it on level 5 of the Dungeon)

   Str+4:     It affects your strength (+4).
   rPois:     It protects you from poison.
 d - a +0 mace of freezing
Missiles
 g - a throwing net
Magical Staves
 e - a staff of conjuration
Scrolls
 c - a scroll of brand weapon
 f - 3 scrolls of poison
 n - a scroll of revelation {unknown}
 o - a scroll of enchant weapon {unknown}
 q - 2 scrolls of teleportation {unknown}
Potions
 a - a potion of magic
 h - a potion of curing
 i - 2 potions of invisibility {unknown}
 j - 3 potions of brilliance
 k - a potion of enlightenment
 l - a potion of mutation
 p - a potion of might
 r - 3 potions of attraction {unknown}


   Skills:
 - Level 4.0 Fighting
 + Level 2.3 Dodging
 - Level 2.6 Stealth
 + Level 4.6 Spellcasting
 - Level 4.5 Conjurations
 + Level 3.8 Translocations


You had 8 spell levels left.
You knew the following spells:

 Your Spells              Type           Power      Damage    Failure   Level
a - Magic Dart            Conj           96%        1d7       1%          1
b - Searing Ray           Conj           48%        2d6       2%          2
c - Iskenderun's Mystic   Conj/Tloc      23%        2d6       19%         4

Your spell library contained the following spells:

 Spells                   Type           Power      Damage    Failure   Level
 Sting                    Conj/Alch      56%        1d6       4%          1
 Freeze                   Ice            20%        1d4       11%         1
 Hailstorm                Conj/Ice       14%        3d6       13%         3
 Mercury Vapours          Alch/Air       10%        N/A       16%         2
 Frozen Ramparts          Ice            10%        1d2       32%         3
 Fulminant Prism          Conj/Alch      7%         3d7       38%         4
 Olgreb's Toxic Radiance  Alch           5%         N/A       71%         4


Dungeon Overview and Level Annotations

Branches:
Dungeon (5/15)
 Temple: D:4-7

Altars:
Nemelex Xobeh
Zin

Annotations:
D:5 Blork the orc


Innate Abilities, Weirdness & Mutations

You cannot wear most types of armour.
You are amphibious.
You can wear up to eight rings at the same time.
Your skin changes colour to match your surroundings (Stealth+).
Your rubbery body absorbs attacks. (AC +1, EV +1)
((You are camouflaged when in or above water. (Stealth+)))
You have tentacles for arms and can constrict up to eight enemies at once.


Message History

The orc closely misses you. The orc barely misses you.
The gnoll sergeant barely misses you.
You barely miss the orc. Your grab misses the orc.
The iguana barely misses you.
The gnoll sergeant hits you from afar with a +0 spear!
The orc barely misses you. The orc hits you with a +0 flail!
* * * LOW HITPOINT WARNING * * *
The iguana closely misses you.
Unknown command.
You feel better.
You are no longer firmly anchored in space.
You are no longer robbed of momentum.
The gnoll sergeant closely misses you. The orc closely misses you.
Blork the orc says, "I was weak, but now I'm strong.
And I'll get stronger."
The orc completely misses you. The iguana barely misses you.
The gnoll sergeant hits you from afar with a +0 spear.
* * * LOW HITPOINT WARNING * * *
The orc misses you. The orc barely misses you. The iguana barely misses you.
You climb upwards.
There is a stone staircase leading down here.
Casting: Iskenderun's Mystic Blast (quite dangerous; 19% risk of failure)
Confirm with . or Enter, or press ? or * to list all spells.
You don't have enough magic to cast this spell.
You feel better. The orc closely misses you. x2
The iguana closely misses you.
You hit the iguana. You freeze the iguana. You grab the iguana.
You squeeze the iguana, but do no damage.
The iguana is moderately wounded.
You constrict the iguana. The orc hits you with a +0 flail!
* * * LOW HITPOINT WARNING * * *
The orc hits you with a +0 flail.
* * * LOW HITPOINT WARNING * * *
The iguana bites you!
* * * LOW HITPOINT WARNING * * *
You puncture the iguana!
The iguana seems to slow down.
You freeze the iguana.
You kill the iguana!
The orc hits you with a +0 flail.
* * * LOW HITPOINT WARNING * * *
The orc hits you with a +0 flail.
You die...

#.)._#$$$##......................
#.#..##$$##........≈≈≈.[......##.
#.#...#####........≈.≈..##...##..
#.#########...##...≈≈≈.####..##..
#.# ##...###.............#####
#.# ####....##.................#.
#.###....##..#..#................
#..####.##......##............#..
##.###..##......@#...............
##..#.)........oo..............#.
#.....)...........##.............
#........##....####............##
##..........##...................
#..........#....................
##.#.#.###...........#......#...
####..###..........##......#...
##...............###.##......


You could see 2 orcs.

Vanquished Creatures
  A phantom (D:4)
  A kobold brigand (D:5)
  A bullfrog (D:4)
  A howler monkey (D:4)
  A jelly (D:4)
  2 orc priests (D:3)
  A hound (D:4)
  4 iguanas
  Robin (D:2)
  7 gnolls
  3 adders
  A white imp (D:5)
  A dart slug (D:1)
  3 ribbon worms
  10 orcs
  6 ball pythons
  5 endoplasms
  4 giant cockroaches
  9 hobgoblins
  3 jackals (D:1)
  4 quokkas
  A bat (D:3)
  A frilled lizard (D:3)
  9 goblins
  13 kobolds
  2 rats (D:2)
95 creatures vanquished.

Notes
Turn   | Place    | Note
-------+----------+-------------------------------------------
     0 | D:1      | Ijustatesigmund the Octopode Conjurer began the quest for
                  | the Orb.
     0 | D:1      | Reached XP level 1. HP: 11/11 MP: 3/3
   201 | D:1      | Reached XP level 2. HP: 13/18 MP: 1/5
   256 | D:1      | Learned a level 2 spell: Searing Ray
   396 | D:1      | Reached skill level 1 in Fighting
   809 | D:1      | Found a faded altar of an unknown god.
   893 | D:2      | Reached XP level 3. HP: 23/23 MP: 2/6
   948 | D:2      | Noticed Robin
  1284 | D:2      | Killed Robin
  1366 | D:2      | Reached XP level 4. HP: 29/29 MP: 8/8
  1371 | D:2      | Learned a level 4 spell: Iskenderun's Mystic Blast
  2618 | D:3      | Reached skill level 1 in Translocations
  2730 | D:3      | Found a sparkling altar of Nemelex Xobeh.
  2901 | D:3      | Reached XP level 5. HP: 35/35 MP: 2/9
  3288 | D:4      | You fall into a shaft and drop 1 floor!
  3288 | D:5      | Entered Level 5 of the Dungeon
  3321 | D:5      | Reached XP level 6. HP: 35/42 MP: 2/11
  3797 | D:5      | Identified the +7 trident of the Singing Jester {freeze,
                  | rPois Str+4}
  4179 | D:5      | Noticed Blork the orc
  4714 | D:4      | Reached XP level 7. HP: 47/47 MP: 9/13
  4926 | D:4      | Found a glowing silver altar of Zin.
  5247 | D:4      | HP: 2/48 [iguana (11)]
  5248 | D:4      | Slain by an orc

Illustrated notes

Levels and vault maps discovered:
D:1:      dpeg_arrival_snail, layout_rooms, dilly_ecumenical_altar_fadedgnrine,
          kennysheep_crisscross
D:2:      layout_basic, uniq_robin
D:3:      layout_basic, nemelex_spade_bored_becter
D:4:      cheibrodos_helix_gallery, layout_cave_pools, zin_treasury,
          st_stairs_1, corexii_item_surrounded_by_moat
D:5:      cheibrodos_thug_alley, layout_basic, nicolae_gozag_seed_capital,
          minmay_temple_entry_crystal_x, uniq_menkaure, uniq_blork_the_orc

Skill      XL: |  1  2  3  4  5  6  7 |
---------------+----------------------+-----
Fighting       | 1 2 3 4 |  4.0
Spellcasting   | 3 4 |  4.6
Translocations | 1 2 3 |  3.8
Dodging        | |  2.3
Stealth        | |  2.6
Conjurations   | |  4.5

Action                     |  1- 3 |  4- 6 |  7- 9 || total
---------------------------+-------+-------+-------++-------
  Melee: Dagger            |    26 |     8 |       ||    34
         Constrict         |     9 |     5 |     5 ||    19
         Tentacles         |     4 |       |     3 ||     7
         Mace              |       |     6 |       ||     6
         Trident           |       |     2 |    31 ||    33
   Cast: Magic Dart        |    32 |    86 |       ||   118
         Searing Ray       |       |    10 |       ||    10
         Iskenderun's Myst |       |     1 |     2 ||     3
    Use: Scroll            |       |    11 |       ||    11
         Potion            |       |     1 |     2 ||     3
   Stab: Sleeping          |     2 |     2 |       ||     4
         Distracted        |       |       |     1 ||     1
 Armour: Skin              |    12 |    19 |    20 ||    51
  Dodge: Dodged            |    17 |    15 |    25 ||    57

Table legend: (Time is in decaauts)
 A = Elapsed time spent in this place.
 B = Non-inter-level travel time spent in this place.
 C = Inter-level travel time spent in this place.
 D = Time resting spent in this place.
 E = Time spent auto-exploring this place.
 F = Levels seen in this place.
 G = Mean time per level.
                   A        B        C        D        E       F      G
               +--------+--------+--------+--------+--------+-----+--------+
         Total |   5262 |   5139 |    123 |   1212 |   3296 |   5 | 1052.4 |
       Dungeon |   5262 |   5139 |    123 |   1212 |   3296 |   5 | 1052.4 |
               +--------+--------+--------+--------+--------+-----+--------+

Top non-repeatable levels by time:
     D:4: 1413 daAuts
     D:1: 1176 daAuts
     D:5: 1008 daAuts
     D:2: 976 daAuts
     D:3: 688 daAuts
